 Dungeon Crawl Stone Soup version 0.21-a0-528-gf531e82 (webtiles) character file.

125126 dududu the Fencer (level 16, 109/117 HPs)
             Began as a Vampire Skald on Nov 28, 2017.
             Was a High Priest of Wu Jian.
             Quit the game on level 2 of the Snake Pit on Dec 8, 2017.
             The game lasted 03:46:17 (39115 turns).

dududu the Fencer (Vampire Skald)                  Turns: 39115, Time: 03:46:17

Health: 109/117    AC: 23    Str: 14    XL:     16   Next: 40%
Magic:  20/20      EV: 15    Int: 23    God:    Wu Jian [*****.]
Gold:   171        SH:  5    Dex: 14    Spells: 8/21 levels left

rFire    x . .     SeeInvis +   a - +9 great sword (elec)
rCold    + + +     Gourm    .   (shield currently unavailable)
rNeg     + + .     Faith    .   U - +1 ice dragon scales
rPois    +         Spirit   .   n - +0 helmet
rElec    .         Reflect  +   y - +1 cloak
rCorr    .         Harm     .   f - +0 pair of gloves
MR       +++..                  Q - +2 pair of boots
Stlth    +.........             z - +5 amulet of reflection
HPRegen  0.14/turn              M - +6 ring of slaying
MPRegen  0.17/turn              Y - ring of the Mage {Wiz MR++ Int+3}

@: regenerating slowly
A: fangs 3, see invisible, clever 1, frail 1, shaggy fur 1, unbreathing
a: Bat Form, Serpent's Lash, Heavenly Storm, Renounce Religion


You were on level 2 of the Snake Pit.
You worshipped Wu Jian.
Wu Jian was extremely pleased with you.
You were near bloodless.

You visited 5 branches of the dungeon, and saw 26 of its levels.
You also visited: Ice Cave.

You collected 3244 gold pieces.
You spent 3073 gold pieces at shops.

Inventory:

Hand Weapons
 a - a +9 great sword of electrocution (weapon)
 w - a +0 blowgun
 P - the +11 rapier of the Dungeon {freeze, rElec Dex+4}
   (You bought it in a shop on level 2 of the Orcish Mines)

   It has been specially enchanted to freeze those struck by it, causing extra
   injury to most foes and up to half again as much damage against particularly
   susceptible opponents.
   It can also slow down cold-blooded creatures.
   It affects your dexterity (+4).
   It insulates you from electricity.
 W - a +2 great sword of flaming
Missiles
 g - 622 stones (quivered)
 j - a throwing net
 H - 122 poisoned needles
 L - 8 curare-tipped needles
Armour
 f - a +0 pair of gloves (worn)
 n - a +0 helmet (worn)
 y - a +1 cloak (worn)
 B - a +1 ring mail of cold resistance
 Q - a +2 pair of boots (worn)
 U - +1 ice dragon scales (worn)
Jewellery
 e - an uncursed ring of protection from cold
 q - an uncursed ring of resist corrosion
 z - a +5 amulet of reflection (around neck)
 E - an uncursed ring of wizardry
 M - a +6 ring of slaying (left hand)
 V - an uncursed ring of protection from fire
 Y - the ring of the Mage (right hand) {Wiz MR++ Int+3}
   (You bought it in a shop on level 1 of the Snake Pit)

   [ring of wizardry]

   It improves your spell success rate.
   It affects your intelligence (+3).
   It affects your resistance to hostile enchantments.
Wands
 c - a wand of scattershot (2)
 s - a wand of paralysis (47)
 A - a wand of digging (6)
 G - a wand of enslavement (14)
 O - a wand of clouds (9)
 S - a wand of acid (7)
Scrolls
 h - 13 scrolls of teleportation
 k - 6 scrolls of remove curse
 r - a scroll of magic mapping
 t - a scroll of enchant armour
 u - a scroll of enchant weapon
 C - 5 scrolls of fear
 F - 2 scrolls of blinking
 I - 3 scrolls of fog
 N - 5 scrolls of amnesia
 R - 10 scrolls of identify
Potions
 b - 5 potions of curing
 d - 34 potions of blood
 i - 3 potions of magic
 l - 2 potions of flight
 m - 4 potions of heal wounds
 o - 3 potions of agility
 p - 3 potions of brilliance
 v - a potion of invisibility
 x - 2 potions of might
 D - 2 potions of cancellation
 J - 2 potions of haste
 T - a potion of resistance


   Skills:
 + Level 13.3 Fighting
 * Level 17.6 Long Blades
 * Level 9.1 Armour
 - Level 12.1 Dodging
 - Level 3.0 Spellcasting
 - Level 6.0 Hexes
 - Level 8.0 Charms
 - Level 4.0 Necromancy
 - Level 1.0 Translocations
 - Level 6.0 Evocations


You had 8 spell levels left.
You knew the following spells:

 Your Spells              Type           Power        Failure   Level  Hunger
a - Infusion              Chrm           ####         1%          1    None
b - Shroud of Golubria    Chrm/Tloc      ###.......   4%          2    ##.....
c - Spectral Weapon       Hex/Chrm       #####...     3%          3    ###....
d - Passwall              Tmut/Erth      #.........   28%         2    ##.....
e - Regeneration          Chrm/Necr      ####......   5%          3    ###....
f - Song of Slaying       Chrm           #####...     1%          2    ##.....


Dungeon Overview and Level Annotations

Branches:
Dungeon (15/15)            Temple (1/1) D:5            Lair (6/6) D:9
 Shoals (0/4) Lair:2        Snake (2/4) Lair:4        Slime (0/5) Lair:5
    Orc (2/2) D:11            Elf (0/3) Orc:2        Vaults (0/5) D:13
 Depths (0/5) D:15

Altars:
Ashenzari
Cheibriados
Dithmenos
Elyvilon
Fedhas
Gozag
Hepliaklqana
Kikubaaqudgha
Makhleb
Nemelex Xobeh
Okawaru
Qazlal
Ru
Sif Muna
Trog
Uskayaw
Vehumet
Wu Jian
Xom
Yredelemnul
Zin
The Shining One
Jiyva

Shops:
Orc:2 [*(=   Snake:1 =}=

Annotations:
D:7 2 runed doors
D:9 exclusion: downstairs
D:15 exclusion: Roxanne, Roxanne
Lair:2 exclusion: 6 oklob plants


Innate Abilities, Weirdness & Mutations

You heal slowly.
You have razor-sharp teeth.
You have supernaturally acute eyesight. (SInv)
You can survive without breathing.
Your mind is acute. (Int +2)
You are frail. (-10% HP)
You are covered in fur. (AC +1)


Message History

Two of your 39 potions of blood rot away.
You see here a mace of draining.
Two of your 37 potions of blood rot away.
You see here a mace of draining.
You see here a royal jelly.
Things that are here:
a robe; a scimitar of venom One of your 35 potions of blood rots away.
You now have 171 gold pieces (gained 21).
You see here a hand axe.
A naga comes into view. It is wielding a short sword.
The naga shouts!
You lunge at the naga.
You slash the naga!
The naga is heavily wounded.
You slice the naga!! Lightning courses through the naga!
You kill the naga!
The Council accepts your kill.
Things that are here:
a short sword; a naga corpse Are you sure you want to abandon this character and quit the game? (Confirm with "yes".)

).####........# **,,,,**,*****,,*
.)..#.........## **,,***,,**,,,,*
##.............#**,,,****,,,,,,,*
####....###....##..,,,,*,,*,,,,,,
####.....###.....,****,,,**,,>,,,
##...####..#..##,** **,***,,,,**
.....# ###.###**## *,***,,****
.###.## #...###.## **,,,,** *
#.###.# ###...@..#* ****** *
##.#.## #######.# * ##### ***


There were no monsters in sight!

Vanquished Creatures
  A fire giant (D:15)
  A frost giant (D:15)
  An orc warlord (Orc:1)
  Nessos (Orc:2)
  Snorg (Orc:2)
  Josephine (D:10)
  3 fire dragons
  A yaktaur captain (D:13)
  6 hydras
  4 naga warriors
  An ice dragon (D:15)
  2 death knights
  3 catoblepae
  4 anacondas
  7 two-headed ogres
  2 centaur warriors (D:13)
  A queen ant (Lair:3)
  6 death yaks (Lair:3)
  A tengu warrior (D:15)
  The ghost of Regeox the Archer, a journeyman SpCK of Xom (D:11)
  Urug (D:11)
  5 orc high priests
  2 naga sharpshooters (Snake:1)
  2 shock serpents (Snake:1)
  An unseen horror (D:15)
  A swamp dragon (Lair:6)
  3 naga ritualists
  5 orc knights
  The ghost of anet the Magician, a novice DEWz of Ashenzari (D:8)
  4 phantasmal warriors
  7 ugly things
  2 wolf spiders (Lair:6)
  6 cyclopes
  4 mana vipers
  3 orc sorcerers (Orc:2)
  3 manticores
  6 salamanders
  A merfolk siren (Lair:2)
  3 guardian serpents
  6 naga magi
  2 ice statues (IceCv)
  An elephant (D:9)
  29 black mambas
  A gargoyle (D:13)
  Psyche (D:8)
  4 centaur skeletons
  A freezing wraith (D:14)
  12 spiny frogs
  3 yaktaurs
  15 rime drakes
  An efreet (D:13)
  3 komodo dragons
  7 ice devils (IceCv)
  A polar bear (Lair:3)
  9 trolls
  2 hornets (Lair:6)
  Grinder (D:5)
  8 hippogriffs
  12 blink frogs
  A slime creature (D:13)
  7 dream sheep (Lair:5)
  2 redbacks
  5 wraiths
  2 shadows
  A tarantella (shapeshifter) (D:14)
  14 wyverns
  43 yaks
  Grum (D:11)
  2 hungry ghosts (D:12)
  4 basilisks
  10 steam dragons
  3 wargs (Orc:2)
  6 vampire mosquitoes
  8 nagas
  2 acid dragons
  7 soldier ants
  A soldier ant (shapeshifter) (D:15)
  22 water moccasins
  11 porcupines
  13 ice beasts
  A black bear (D:7)
  30 orc warriors
  3 sky beasts
  3 swamp drakes (Lair:6)
  16 ogres
  2 necrophages (D:7)
  2 phantoms
  24 centaurs
  2 wolves (D:11)
  6 crocodiles
  3 big kobolds
  22 bullfrogs
  A wyvern skeleton (D:9)
  4 scorpions
  22 killer bees
  8 wights
  4 howler monkeys
  5 crimson imps
  A bullfrog zombie (D:5)
  A centaur zombie (D:7)
  10 orc priests
  12 hounds
  7 jellies
  21 orc wizards
  A bullfrog skeleton (D:9)
  3 iguanas
  28 worker ants
  A hound skeleton (D:8)
  A mummy (D:7)
  A howler monkey zombie (D:8)
  Robin (D:4)
  A howler monkey skeleton (D:6)
  10 gnolls
  18 adders
  4 shadow imps
  10 white imps (IceCv)
  5 ufetubi (IceCv)
  7 oozes
  2 adder skeletons
  2 dart slugs
  5 leopard geckos
  68 orcs
  4 giant cockroaches
  12 goblins
  13 hobgoblins
  17 jackals
  7 quokkas
  2 ball pythons
  A bat (D:4)
  7 frilled lizards
  A giant cockroach zombie (D:6)
  29 kobolds
  2 quokka skeletons (D:6)
  10 rats
  A plant (Lair:6)
876 creatures vanquished.

Vanquished Creatures (others)
  A reaper (IceCv)
  A centaur (D:13)
  An orc wizard (D:4)
  2 white imps (IceCv)
  2 ufetubi (IceCv)
  20 fungi
  24 plants
  13 spectral weapons
64 creatures vanquished.

Grand Total: 940 creatures vanquished

Notes
Turn   | Place    | Note
-------+----------+-------------------------------------------
     0 | D:1      | dududu the Vampire Skald began the quest for the Orb.
     0 | D:1      | Reached XP level 1. HP: 16/16 MP: 3/3
   289 | D:1      | Reached XP level 2. HP: 14/22 MP: 0/5
   311 | D:1      | Learned a level 2 spell: Shroud of Golubria
   963 | D:1      | Reached XP level 3. HP: 27/27 MP: 3/6
   968 | D:1      | Learned a level 3 spell: Spectral Weapon
  1245 | D:2      | Reached skill level 1 in Hexes
  1784 | D:2      | You fall through a shaft for 2 floors!
  1963 | D:4      | Noticed Robin
  2750 | D:4      | Reached XP level 4. HP: 34/34 MP: 5/7
  3398 | D:4      | Reached skill level 3 in Long Blades
  3409 | D:4      | Noticed an ogre
  3514 | D:4      | Reached XP level 5. HP: 34/40 MP: 0/8
  4697 | D:3      | Reached XP level 6. HP: 47/47 MP: 4/9
  5035 | D:3      | Reached skill level 4 in Long Blades
  6214 | D:4      | Killed Robin
  6221 | D:4      | Reached skill level 1 in Translocations
  6580 | D:4      | Reached XP level 7. HP: 51/53 MP: 8/11
  6879 | D:5      | Entered Level 5 of the Dungeon
  6886 | D:5      | Reached skill level 5 in Long Blades
  7118 | D:5      | Noticed Grinder
  7136 | D:5      | Killed Grinder
  7348 | D:5      | Found a staircase to the Ecumenical Temple.
  7370 | D:5      | Reached skill level 6 in Long Blades
  7370 | D:5      | Reached XP level 8. HP: 48/61 MP: 7/12
  7404 | Temple   | Entered the Ecumenical Temple
  7450 | Temple   | Became a worshipper of the Wu Jian Council
  7561 | D:5      | Reached skill level 5 in Charms
  8036 | D:5      | Reached skill level 1 in Armour
  8237 | D:6      | Reached skill level 5 in Fighting
  8478 | D:6      | Reached skill level 7 in Long Blades
  8887 | D:6      | Found a hazy altar of Hepliaklqana.
  8892 | D:6      | Found a bloodstained altar of Trog.
  8896 | D:6      | Found an ancient bone altar of Kikubaaqudgha.
  8948 | D:6      | Reached * piety under Wu Jian
  8953 | D:6      | Reached skill level 5 in Hexes
  9081 | D:6      | Found a stormy altar of Qazlal.
  9309 | D:6      | Reached XP level 9. HP: 67/68 MP: 11/13
 10453 | D:7      | Reached skill level 8 in Long Blades
 10902 | D:7      | Found a runed door.
 10914 | D:7      | Found a runed door.
 11088 | D:7      | Reached skill level 9 in Long Blades
 11106 | D:7      | Learned a level 2 spell: Passwall
 11110 | D:7      | Learned a level 3 spell: Regeneration
 11275 | D:7      | Reached skill level 5 in Dodging
 11483 | D:7      | Reached ** piety under Wu Jian
 12118 | D:8      | Reached XP level 10. HP: 77/77 MP: 14/14
 12146 | D:8      | Noticed Psyche
 12157 | D:8      | Killed Psyche
 12334 | D:8      | Reached skill level 10 in Long Blades
 12527 | D:8      | Noticed anet's ghost (novice DEWz)
 12545 | D:8      | Killed anet's ghost
 13291 | D:9      | Found a staircase to the Lair.
 13291 | D:9      | Noticed an elephant
 13538 | D:9      | Reached *** piety under Wu Jian
 14033 | D:9      | Reached skill level 11 in Long Blades
 14153 | D:9      | Killed an elephant
 14248 | D:9      | Found a shattered altar of Ashenzari.
 14248 | D:9      | Found an opulent altar of Gozag.
 14250 | D:9      | Found a basalt altar of Yredelemnul.
 14253 | D:9      | Found a glowing golden altar of the Shining One.
 14253 | D:9      | Found a radiant altar of Vehumet.
 14254 | D:9      | Found a hide-covered altar of Uskayaw.
 14388 | D:10     | Entered Level 10 of the Dungeon
 14388 | D:10     | Noticed a catoblepas
 14388 | D:10     | Noticed a manticore
 14523 | D:10     | Noticed Josephine
 14552 | D:9      | Reached XP level 11. HP: 61/85 MP: 15/15
 14949 | D:10     | Killed a catoblepas
 14949 | D:10     | Reached skill level 1 in Necromancy
 15038 | D:10     | Reached **** piety under Wu Jian
 15040 | D:10     | Noticed a two-headed ogre
 15065 | D:10     | Killed a two-headed ogre
 15602 | D:10     | Reached skill level 12 in Long Blades
 16053 | D:10     | Noticed a two-headed ogre
 16062 | D:10     | Killed a two-headed ogre
 16270 | D:11     | Noticed Grum
 16280 | D:11     | Killed Grum
 16290 | D:11     | Noticed Regeox's ghost (journeyman SpCK)
 16299 | D:11     | Killed Regeox's ghost
 16393 | D:11     | Noticed Urug
 16715 | D:11     | Reached skill level 13 in Long Blades
 16715 | D:11     | Reached XP level 12. HP: 21/95 MP: 12/16
 16827 | D:11     | Found a frozen archway.
 16856 | D:11     | Reached ***** piety under Wu Jian
 16870 | IceCv    | Entered an ice cave
 17020 | IceCv    | Killed a reaper
 17806 | IceCv    | Got a brightly glowing demon whip
 17966 | D:11     | Identified the +7 demon whip "Xukkurr" {venom, rF+ Dex+3} (You found it in an ice cave)
 18017 | D:11     | Found a staircase to the Orcish Mines.
 18017 | D:11     | Noticed a five-headed hydra
 18194 | D:11     | Killed Urug
 18509 | Lair:1   | Entered Level 1 of the Lair of Beasts
 18509 | Lair:1   | Noticed a six-headed hydra
 18514 | Lair:1   | Killed a ten-headed hydra
 18514 | Lair:1   | Reached skill level 14 in Long Blades
 18753 | Lair:1   | Reached skill level 10 in Fighting
 18848 | Lair:1   | Learned a level 2 spell: Song of Slaying
 19411 | Lair:2   | Found a staircase to the Shoals.
 19534 | Lair:2   | Noticed an eight-headed hydra
 19801 | Lair:2   | Reached skill level 5 in Armour
 20150 | Lair:3   | Reached XP level 13. HP: 51/104 MP: 17/17
 22088 | Lair:4   | Reached skill level 15 in Long Blades
 22677 | Lair:4   | Found a staircase to the Snake Pit.
 23201 | Lair:5   | Identified Byid's Reference Book on the Burning Entourage
 23678 | Lair:5   | Found a staircase to the Slime Pits.
 24175 | Lair:6   | Entered Level 6 of the Lair of Beasts
 24592 | Lair:5   | Found a staircase to the Slime Pits.
 25378 | Lair:6   | Reached XP level 14. HP: 113/113 MP: 7/18
 26399 | Lair:6   | Got a translucent shield
 26523 | Lair:6   | Reached skill level 10 in Dodging
 27768 | Lair:6   | Identified the cursed +0 shield of Bofy {rElec} (You found it on level 6 of the Lair of Beasts)
 28886 | Orc:1    | Entered Level 1 of the Orcish Mines
 29321 | Orc:1    | Reached skill level 1 in Evocations
 29804 | Orc:2    | Entered Level 2 of the Orcish Mines
 29916 | Orc:2    | Reached skill level 16 in Long Blades
 29982 | Orc:2    | Noticed Nessos
 29991 | Orc:2    | Found Lius's Jewellery Shop.
 30231 | Orc:2    | Found a staircase to the Elven Halls.
 30233 | Orc:2    | Noticed an orc warlord
 30238 | Orc:2    | Killed Nessos
 30261 | Orc:1    | Killed an orc warlord
 30532 | Orc:2    | Found Lorphigh's General Store.
 30589 | Orc:2    | Bought a +3 amulet of reflection for 219 gold pieces
 30589 | Orc:2    | Bought an uncursed ring of protection from magic for 350 gold pieces
 30840 | Orc:2    | Found Erusoeg's Antique Weapon Emporium.
 30892 | Orc:2    | Reached XP level 15. HP: 103/121 MP: 15/19
 31255 | Orc:2    | Noticed Snorg
 31276 | Orc:2    | Killed Snorg
 31412 | Orc:2    | Found Jifed's Antique Armour Shoppe.
 31435 | Orc:2    | Bought a brightly glowing ring mail for 243 gold pieces
 31435 | Orc:2    | Identified the cursed +1 ring mail "Sonuag" {*Drain rPois Int+5 Dex+2} (You bought it in a shop on level 2 of the Orcish Mines)
 31437 | Orc:2    | Bought a warped scale mail for 243 gold pieces
 31437 | Orc:2    | Identified the +1 scale mail of Wory {rC+} (You bought it in a shop on level 2 of the Orcish Mines)
 31768 | Orc:1    | Upgraded the game from 0.21-a0-508-gf08a75f to 0.21-a0-528-gf531e82
 32718 | D:13     | Found a shimmering altar of Xom.
 32821 | D:13     | Found a shimmering altar of Xom.
 32886 | D:13     | Reached ****** piety under Wu Jian
 33527 | D:13     | Found a gate to the Vaults.
 33624 | D:13     | Identified a scroll of acquirement
 33875 | D:13     | Found a viscous altar of Jiyva.
 34812 | D:15     | Entered Level 15 of the Dungeon
 35125 | D:15     | Reached skill level 5 in Evocations
 35146 | D:15     | Noticed a frost giant
 35158 | D:15     | Killed a frost giant
 35359 | D:15     | Reached skill level 17 in Long Blades
 35405 | D:15     | Found a staircase to the Depths.
 35405 | D:15     | Noticed a fire giant
 35558 | Orc:2    | Bought an uncursed ring of protection from fire for 350 gold pieces
 35816 | D:15     | Killed a fire giant
 35831 | D:15     | Noticed Roxanne
 36309 | D:10     | Killed Josephine
 36392 | Orc:2    | Bought the +11 rapier of the Dungeon {freeze, rElec Dex+4} for 1099 gold pieces
 36392 | Orc:2    | Bought a potion of agility for 52 gold pieces
 36599 | Snake:1  | Entered Level 1 of the Snake Pit
 37184 | Snake:1  | Reached XP level 16. HP: 80/130 MP: 16/20
 38035 | Snake:1  | Found Qayru's Jewellery Emporium.
 38035 | Snake:1  | Found Teahuh's Gadget Shop.
 38036 | Snake:1  | Found Itsidiw's Jewellery Emporium.
 38045 | Snake:1  | Bought the ring of the Mage {Wiz MR++ Int+3} for 517 gold pieces
 38045 | Snake:1  | Found the ring of the Mage {Wiz MR++ Int+3}
 38855 | Snake:2  | Gained mutation: You are frail. (-10% HP) [potion of mutation]
 38855 | Snake:2  | Gained mutation: Your mind is acute. (Int +2) [potion of mutation]
 38855 | Snake:2  | Gained mutation: You are covered in fur. (AC +1) [potion of mutation]
 39115 | Snake:2  | Quit the game

Vault maps used:
D:1:      minmay_arrival_doors
D:2:      first_bread
D:4:      due_unseen_surprise, uniq_robin
D:5:      minmay_temple_entry_trees, uniq_grinder
D:6:      minmay_overflow_temple_star_quad, basic_altar
D:7:      lemuel_insect_pit, serial_undead, serial_undead_e, serial_undead_e,
          serial_undead_b, serial_undead_a
D:8:      uniq_psyche
D:9:      grunt_temple_overflow_open, david_lair_generic
D:10:     nzn_motion_control, uniq_josephine
D:11:     david_orc_3, portal_ice_cave_entry_ice_beasts, uniq_urug, uniq_grum
D:13:     david_vaults_2, basic_altar, hangedman_little_slice_of_home, tgw_xom
D:15:     grunt_enter_depths_giant_problem, nicolae_wwwww, minmay_checkerbox,
          uniq_roxanne
Temple:   dshaligram_water_room_temple
Lair:2:   dpeg_oklob_gauntlet, minmay_shoals_entry_lonely_mermaid,
          minmay_lair_oklob_chamber, lemuel_fruit_fields
Lair:3:   minmay_another_anthill, grunt_megastairs_4
Lair:4:   minmay_snake_entry_six_corridors, infiniplex_staircase_pool_2
Lair:5:   dpeg_slime_entry_corner, grunt_megastairs_2
Lair:6:   guppyfry_lair_end_dragon, hangedman_lair_tendril_chambers,
          nicolae_quartered_pool_super, bobbens_dragon_lair_wall
Snake:1:  grunt_ministairs_15, nicolae_snake_round_shape_thing,
          minmay_shop_grove
Orc:1:    nicolae_orc_accident_1
Orc:2:    grunt_orc_gardens, grunt_orc_garden, grunt_orc_garden,
          grunt_orc_garden, grunt_orc_garden, nicolae_orc_stony_grotto,
          uniq_nessos, uniq_snorg
IceCv:    ice_cave_small_demon

Skill      XL: |  1  2  3  4  5  6  7  8  9 10 11 12 13 14 15 16 |
---------------+-------------------------------------------------+-----
Fighting       | 2 3 4 5 6 7 9 10 11 12 13 | 13.3
Hexes          | 2 3 4 5 6 |  6.0
Charms         | 4 5 6 7 8 |  8.0
Long Blades    | 3 4 6 7 9 11 13 14 15 16 17 | 17.6
Translocations | 1 |  1.0
Spellcasting   | 3 |  3.0
Dodging        | 3 4 5 7 9 11 12 | 12.1
Armour         | 2 4 5 7 8 9 |  9.1
Necromancy     | 3 4 |  4.0
Evocations     | 2 5 6 |  6.0

Action                   |  1- 3 |  4- 6 |  7- 9 | 10-12 | 13-15 | 16-18 || total
-------------------------+-------+-------+-------+-------+-------+-------++-------
Melee: Falchion          |   115 |   212 |   185 |       |       |       ||   512
       Bite              |    14 |    26 |    41 |    78 |   109 |     5 ||   273
       Great sword       |       |       |   104 |   239 |  1054 |   145 ||  1542
       Unarmed           |       |       |     1 |    12 |       |       ||    13
       Scimitar          |       |       |    59 |   434 |       |       ||   493
       Demon trident     |       |       |       |       |    17 |       ||    17
       Rapier            |       |       |       |       |     6 |     1 ||     7
 Fire: Hunting sling     |       |     4 |    55 |    41 |       |       ||   100
       Blowgun           |       |       |       |    11 |     5 |       ||    16
Throw: Stone             |     7 |    22 |       |     1 |     2 |       ||    32
 Cast: Infusion          |     7 |    15 |     5 |     2 |     1 |       ||    30
       Shroud of Golubri |     5 |     6 |     8 |     8 |    26 |     2 ||    55
       Spectral Weapon   |     1 |    14 |    14 |    29 |    57 |     8 ||   123
       Regeneration      |       |       |       |     9 |    29 |     9 ||    47
       Passwall          |       |       |       |       |       |     1 ||     1
Invok: Serpent's Lash    |       |       |       |     4 |    15 |     2 ||    21
       Heavenly Storm    |       |       |       |       |     3 |     1 ||     4
 Abil: End Transformatio |     2 |       |     3 |     2 |     2 |       ||     9
       Bat Form          |     2 |       |     3 |     2 |     2 |       ||     9
Evoke: Wand              |       |     4 |       |    16 |    30 |       ||    50
  Use: Potion            |     4 |     8 |     8 |    11 |    39 |     6 ||    76
       Scroll            |     3 |     4 |    21 |     7 |    15 |     3 ||    53
 Stab: Sleeping          |     2 |     4 |     2 |       |     8 |     1 ||    17
       Paralysed         |       |    10 |       |     7 |     7 |       ||    24
       Distracted        |       |       |       |     3 |     4 |     2 ||     9
  Eat: Corpse            |       |     1 |     5 |    12 |    11 |       ||    29
Armor: Leather armour    |    32 |    42 |    16 |       |       |       ||    90
       Ring mail         |       |       |    81 |   180 |   237 |     6 ||   504
       Ice dragon scales |       |       |       |       |       |    42 ||    42
Dodge: Dodged            |    76 |   100 |   203 |   360 |   550 |    82 ||  1371
Block: Other             |       |       |       |       |    48 |    25 ||    73
       Reflection        |       |       |       |       |     5 |     3 ||     8
       Rpst.: Falchion   |    28 |    29 |    33 |       |       |       ||    90
       Great sword       |       |       |    12 |    28 |   151 |    19 ||   210
       Scimitar          |       |       |    13 |    67 |       |       ||    80

Table legend:
 A = Spawn XP
 B = Non-spawn XP
 C = Spawn XP percentage of total XP
 D = Spawn monster count
 E = Non-spawn monster count
 F = Spawn count percentage of total count
 G = Total turns spent on level
                    A         B        C        D         E        F      G
               +---------+---------+-------+---------+---------+-------+---------
         Total |       0 |  178752 |   0.0 |       0 |     877 |   0.0 | 39115
               +---------+---------+-------+---------+---------+-------+---------
           D:1 |       0 |      48 |   0.0 |       0 |      28 |   0.0 |  1163
           D:2 |       0 |      42 |   0.0 |       0 |      12 |   0.0 |   948
           D:3 |       0 |     214 |   0.0 |       0 |      40 |   0.0 |  1642
           D:4 |       0 |     531 |   0.0 |       0 |      39 |   0.0 |  3126
           D:5 |       0 |    1404 |   0.0 |       0 |      26 |   0.0 |  1574
           D:6 |       0 |     764 |   0.0 |       0 |      25 |   0.0 |  1975
           D:7 |       0 |    2249 |   0.0 |       0 |      34 |   0.0 |  1564
           D:8 |       0 |    3348 |   0.0 |       0 |      33 |   0.0 |  1116
           D:9 |       0 |    2521 |   0.0 |       0 |      34 |   0.0 |  1519
          D:10 |       0 |    9042 |   0.0 |       0 |      53 |   0.0 |  2002
          D:11 |       0 |    7274 |   0.0 |       0 |      35 |   0.0 |  1350
          D:12 |       0 |    3259 |   0.0 |       0 |      29 |   0.0 |  1252
          D:13 |       0 |   15826 |   0.0 |       0 |      58 |   0.0 |   971
          D:14 |       0 |    6263 |   0.0 |       0 |      25 |   0.0 |   916
          D:15 |       0 |   13549 |   0.0 |       0 |      20 |   0.0 |  1209
        Lair:1 |       0 |    5054 |   0.0 |       0 |      17 |   0.0 |   819
        Lair:2 |       0 |    3960 |   0.0 |       0 |      17 |   0.0 |  1747
        Lair:3 |       0 |   12569 |   0.0 |       0 |      52 |   0.0 |  1124
        Lair:4 |       0 |    6228 |   0.0 |       0 |      27 |   0.0 |  1092
        Lair:5 |       0 |    6796 |   0.0 |       0 |      26 |   0.0 |  3404
        Lair:6 |       0 |   24574 |   0.0 |       0 |      73 |   0.0 |  2181
       Snake:1 |       0 |   16405 |   0.0 |       0 |      30 |   0.0 |  1803
       Snake:2 |       0 |   14055 |   0.0 |       0 |      27 |   0.0 |   713
         Orc:1 |       0 |    5972 |   0.0 |       0 |      44 |   0.0 |  1334
         Orc:2 |       0 |   13365 |   0.0 |       0 |      49 |   0.0 |  1433
         IceCv |       0 |    3440 |   0.0 |       0 |      24 |   0.0 |  1043
               +---------+---------+-------+---------+---------+-------+---------
